 Dungeon Crawl Stone Soup version 0.23.0 (webtiles) character file.

Game seed: 342212035676404977

85 floatboth the Ducker (level 4, 0/27 HPs)
             Began as a Deep Elf Monk on Feb 10, 2019.
             Slain by an orc
             ... wielding a cursed +0 flail
              (8 damage)
             ... on level 4 of the Dungeon.
             The game lasted 00:03:04 (2050 turns).

floatboth the Ducker (Deep Elf Monk)                Turns: 2050, Time: 00:03:05

Health: 0/27       AC:  2    Str:  8    XL:     4   Next: 25%
Magic:  9/9        EV: 15    Int: 16    God:
Gold:   99         SH:  0    Dex: 17    Spells: 7/7 levels left

rFire    . . .     SeeInvis .   a - +0 short sword
rCold    . . .     Gourm    .   (no shield)
rNeg     . . .     Faith    .   b - +0 robe
rPois    .         Spirit   .   (no helmet)
rElec    .         Reflect  .   (no cloak)
rCorr    .         Harm     .   (no gloves)
MR       .....                  (no boots)
Stlth    ++........             (no amulet)
HPRegen  0.09/turn              (no ring)
MPRegen  0.11/turn              (no ring)

@: lethally poisoned (0 -> -5)
A: no striking features
a: no special abilities


You were on level 4 of the Dungeon.
You were hungry.

You visited 1 branch of the dungeon, and saw 5 of its levels.

You collected 99 gold pieces.

Inventory:

Hand Weapons
 a - a +0 short sword (weapon)
Armour
 b - a +0 robe (worn)
Jewellery
 h - a cursed -4 ring of intelligence {unknown}
 l - an uncursed ring of poison resistance {unknown}
Scrolls
 d - 2 scrolls of enchant weapon {unknown}
 e - 2 scrolls of noise {unknown}
 g - a scroll of enchant armour {unknown}
 i - 2 scrolls of teleportation {unknown}
 k - a scroll of fear {unknown}
Comestibles
 c - 2 rations


   Skills:
 - Level 2.6 Fighting
 - Level 3.0 Short Blades
 + Level 5.4 Dodging
 + Level 2.6 Stealth
 - Level 2.1 Spellcasting


You had 7 spell levels left.
You didn't know any spells.
Your spell library was empty.

Dungeon Overview and Level Annotations

Branches:
Dungeon (5/15)
 Temple: D:4-7

Altars:


Message History

The adder is severely wounded.
The adder completely misses you.
The orc hits you with a cursed +0 flail.
* * * LOW HITPOINT WARNING * * *
The adder barely misses you.
You miss the adder.
The adder is heavily wounded.
You feel sick. The adder bites you.
* * * LOW HITPOINT WARNING * * *
It was a potion of curing.
You feel better. The adder bites you.
* * * LOW HITPOINT WARNING * * *
The orc barely misses you. The adder bites you.
* * * LOW HITPOINT WARNING * * *
You are poisoned.
The adder poisons you!
Unknown command.
As you read the scroll labeled MOONOM FOKHAR, it crumbles to dust.
You feel blessed for a moment.
It was a scroll of remove curse.
You feel sick.
The orc hits you with a cursed +0 flail!
You die...

.......####...####.......
......####..............#
....#..#......#.........#
...###....#...#####....#
..####...#...## #..#
..###........# #...#
...##.......## ##....#..
.........o...#####........
##..<....###...#@.........
###.....## ##...So....<...
####...## #.............
..###.## #......####...
...##.# #....### ..
##....## ##....## .
##..#..#####......#
#..###..##.....###... #..#
#......#..# ##..


You could see an adder and an orc.

Vanquished Creatures
  A worker ant (D:4)
  2 adders
  3 dart slugs
  A leopard gecko (D:4)
  An orc (D:3)
  5 bats
  A giant cockroach (D:2)
  3 hobgoblins
  2 jackals (D:1)
  5 kobolds
  A frilled lizard (D:2)
  4 goblins
  5 rats
34 creatures vanquished.

Notes
Turn   | Place    | Note
-------+----------+-------------------------------------------
     0 | D:1      | floatboth the Deep Elf Monk began the quest for the Orb.
     0 | D:1      | Reached XP level 1. HP: 13/13 MP: 3/3
    90 | D:1      | HP: 3/13 [jackal (2)]
   397 | D:1      | Reached skill level 4 in Dodging
   397 | D:1      | Reached XP level 2. HP: 10/18 MP: 4/4
   862 | D:2      | Reached XP level 3. HP: 22/22 MP: 5/5
  1140 | D:2      | Reached skill level 5 in Dodging
  1554 | D:3      | Reached skill level 1 in Spellcasting
  1718 | D:4      | Reached skill level 2 in Spellcasting
  1718 | D:4      | Reached XP level 4. HP: 23/27 MP: 6/9
  1938 | D:5      | Entered Level 5 of the Dungeon
  1938 | D:5      | Noticed an ogre
  2048 | D:4      | HP: 4/27 [adder (4)]
  2050 | D:4      | Slain by an orc

Skill      XL: |  1  2  3 |
---------------+----------+-----
Dodging        | 4 5 |  5.4
Spellcasting   | 2 |  2.1
Fighting       | |  2.6
Short Blades   | |  3.0
Stealth        | |  2.6

Action                   |  1- 3 |  4- 6 || total
-------------------------+-------+-------++-------
Melee: Short sword       |   137 |    18 ||   155
  Use: Scroll            |       |     1 ||     1
       Potion            |       |     1 ||     1
 Stab: Sleeping          |     4 |       ||     4
  Eat: Chunk             |     3 |       ||     3
Armor: Robe              |    19 |     1 ||    20
Dodge: Dodged            |   107 |    18 ||   125
